 Dungeon Crawl Stone Soup version 0.27.1 (webtiles) character file.

Game seed: 13353684070670279364

265 MacCMillion the Gusty (level 5, -1/30 HPs)
             Began as a Deep Elf Air Elementalist on Aug 28, 2021.
             Slain by a ball python (3 damage)
             ... in a sewer.
             The game lasted 00:17:23 (4024 turns).

MacCMillion the Gusty (Deep Elf Air Elementalist)   Turns: 4024, Time: 00:17:24

Health: -1/30      AC:  4    Str:  5    XL:     5   Next: 99%
Magic:  10/11      EV: 10    Int: 21    God:
Gold:   174        SH:  0    Dex: 15    Spells: 2/10 levels left

rFire    . . .     SeeInvis .   a - +1 dagger (speed)
rCold    . . .     Faith    .   (no shield)
rNeg     . . .     Spirit   .   g - +0 robe
rPois    .         Reflect  .   d - +0 helmet
rElec    .         Harm     .   k - +0 cloak
rCorr    .         Rampage  .   (no gloves)
Will     .....                  (no boots)
Stlth    +.........             (no amulet)
HPRegen  0.10/turn              (no ring)
MPRegen  0.12/turn              (no ring)

@: lethally poisoned (-1 -> -5), constricted, very slow
A: no striking features
a: no special abilities


You were in a sewer.
You visited 1 branch of the dungeon, and saw 3 of its levels.
You also visited: Sewer.

You collected 174 gold pieces.

Inventory:

Hand Weapons
 a - a +1 dagger of speed (weapon)
Armour
 d - a +0 helmet (worn)
 g - a +0 robe (worn)
 k - a +0 cloak (worn)
 m - a scarf of harm
Scrolls
 e - 3 scrolls of identify
 n - a scroll of teleportation {unknown}
 o - a scroll of fog {unknown}
 p - a scroll of enchant armour {unknown}
 q - a scroll of summoning {unknown}
Potions
 f - a potion of might
 h - a potion of haste {unknown}
 i - a potion of heal wounds
 j - a potion of berserk rage {unknown}
 l - a potion of mutation {unknown}


   Skills:
 - Level 2.0 Fighting
 - Level 2.9 Dodging
 - Level 2.4 Stealth
 - Level 3.0 Spellcasting
 - Level 1.1 Conjurations
 * Level 6.0 Air Magic


You had 2 spell levels left.
You knew the following spells:

 Your Spells              Type           Power      Damage    Failure   Level
a - Shock                 Conj/Air       72%        1d7       3%          1
b - Swiftness             Air            28%        N/A       3%          3
c - Airstrike             Air            14%        N/A       11%         4

Your spell library contained the following spells:

 Spells                   Type           Power      Damage    Failure   Level
 Static Discharge         Conj/Air       18%        N/A       4%          2
 Call Canine Familiar     Summ           3%         N/A       36%         3
 Portal Projectile        Hex/Tloc       6%         N/A       36%         3
 Leda's Liquefaction      Hex/Erth       1%         N/A       78%         4


Dungeon Overview and Level Annotations

Branches:
Dungeon (3/15)              Sewer (1/1)

Altars:

Shops:
D:2 :

Annotations:
D:3 Grinder, Terence


Message History

The ball python constricts you.
The ball python bites you but does no damage.
The bullfrog barely misses you. The ball python bites you. The adder bites you.
* * * LOW HITPOINT WARNING * * *
The bullfrog barely misses you.
You feel much better. The bullfrog closely misses you.
The ball python bites you. The ball python constricts you.
The ball python bites you. x2; The bullfrog closely misses you.
The adder completely misses you. The ball python closely misses you.
The bullfrog hits you! The ball python misses you. The ball python bites you.
The ball python constricts you.
Unknown command.
Okay, then.
Okay, then.
What are your orders? t - Shout!
Orders for allies: a - Attack new target. r - Retreat! s - Stop attacking. g - Guard the area. f - Follow me.
Anything else - Cancel.
Okay, then.
As you read the scroll labelled PEFIGU TALE, it crumbles to dust.
Your body is wracked with pain!
* * * LOW HITPOINT WARNING * * *
The adder convulses!
The ball python convulses!
The bullfrog convulses! x2
It was a scroll of torment.
The bullfrog hits you but does no damage.
The ball python bites you.
* * * LOW HITPOINT WARNING * * *
The adder bites you.
* * * LOW HITPOINT WARNING * * *
The ball python closely misses you. The bullfrog barely misses you.
The bullfrog hits you but does no damage.
The ball python closely misses you. The ball python constricts you.
* * * LOW HITPOINT WARNING * * *
The ball python barely misses you. The adder bites you.
* * * LOW HITPOINT WARNING * * *
You are lethally poisoned!
The adder poisons you! The ball python bites you.
You die...

####.........####
##.......†.......##
#.......#.........#
#..†.†.##'##......##
......###..##......#
..÷÷..# #..##......#
÷≈≈≈≈≈# #####≈≈≈≈≈≈#
≈≈†≈≈≈# #≈≈F≈S≈#
≈≈≈†≈≈# #≈≈S@S≈#
≈≈≈≈≈≈# #≈≈FSS≈#
≈≈≈≈≈≈# #≈≈≈S≈≈#
≈....## #≈≈≈≈≈≈#
..(..≈# #≈≈≈#†≈#
#....## #≈≈≈≈.≈#
≈≈≈≈≈≈# #≈≈≈≈.≈#
≈≈≈≈≈≈# #≈≈≈≈≈≈#
≈≈≈≈≈≈# #≈≈≈≈≈≈#


You could see 2 bullfrogs, an adder and 5 ball pythons.

Vanquished Creatures
  An orc priest (D:2)
  Natasha (D:3)
  An orc wizard (D:2)
  7 river rats (Sewer)
  4 adders
  3 worms
  4 orcs (D:2)
  14 ball pythons
  6 endoplasms
  6 giant cockroaches
  4 goblins
  3 hobgoblins
  4 frilled lizards
  6 kobolds
  23 rats
87 creatures vanquished.

Notes
Turn   | Place    | Note
-------+----------+-------------------------------------------
     0 | D:1      | MacCMillion the Deep Elf Air Elementalist began the quest
                  | for the Orb.
     0 | D:1      | Reached XP level 1. HP: 10/10 MP: 6/6
    31 | D:1      | Found a faded altar of an unknown god.
   460 | D:1      | Reached XP level 2. HP: 14/15 MP: 5/8
  1162 | D:2      | Found Cuvoj's Book Emporium.
  1603 | D:2      | Reached XP level 3. HP: 10/20 MP: 0/9
  1607 | D:2      | Learned a level 3 spell: Swiftness
  1750 | D:2      | Reached skill level 1 in Fighting
  1750 | D:2      | Reached skill level 4 in Air Magic
  1813 | D:2      | Reached XP level 4. HP: 25/25 MP: 1/10
  2725 | D:3      | Noticed Terence
  2922 | D:3      | Noticed Natasha
  2927 | D:3      | Killed Natasha
  2928 | D:3      | Reached skill level 5 in Air Magic
  2928 | D:3      | Reached XP level 5. HP: 30/30 MP: 5/11
  3013 | D:3      | Noticed Grinder
  3036 | D:3      | Found a glowing drain.
  3040 | Sewer    | Entered a sewer
  3085 | Sewer    | Learned a level 4 spell: Airstrike
  4018 | Sewer    | Reached skill level 6 in Air Magic
  4024 | Sewer    | Slain by a ball python

Illustrated notes

Levels and vault maps discovered:
D:1:      tarquinn_simple_flora_water_a, layout_loops_ring,
          basic_ecumenical_altar
D:2:      cheibrodos_pilgrimage, layout_loops_ring, serial_shops,
          nicolae_diamond_shop
D:3:      layout_basic, old_standard_altar, gup_sewer_entry_bowl,
          grunt_ministairs_13, hangedman_feature_mirror,
          minmay_misc_feat_hallway, uniq_terence, uniq_natasha, uniq_grinder
Sewer:    sewer_minmay_w

Skill      XL: |  1  2  3  4  5 |
---------------+----------------+-----
Fighting       | 1 2 |  2.0
Air Magic      | 4 5 6 |  6.0
Dodging        | |  2.9
Stealth        | |  2.4
Spellcasting   | |  3.0
Conjurations   | |  1.1

Action                   |  1- 3 |  4- 6 || total
-------------------------+-------+-------++-------
Melee: Short sword       |     1 |       ||     1
       Dagger            |     2 |     6 ||     8
 Cast: Shock             |    72 |   151 ||   223
       Swiftness         |     1 |     1 ||     2
  Use: Scroll            |       |     4 ||     4
       Potion            |       |     4 ||     4
 Stab: Sleeping          |     1 |     2 ||     3
Armor: Robe              |     1 |    15 ||    16
Dodge: Dodged            |    12 |    60 ||    72
